 Dungeon Crawl Stone Soup version 0.27-a0-1136-g0b992a5a9d (webtiles) character file.

Game seed: 10075903097995766743

4434 Mesmaeker13 the Chiller (level 10, -9/63 HPs)
             Began as a Mummy Ice Elementalist on May 5, 2021.
             Was a Follower of Vehumet.
             Mangled by an orc warrior
             ... wielding a +0 dire flail
              (15 damage)
             ... on level 8 of the Dungeon.
             The game lasted 00:27:41 (12692 turns).

Mesmaeker13 the Chiller (Mummy Ice Elementalist)   Turns: 12692, Time: 00:27:42

Health: -9/63      AC:  8    Str: 11    XL:     10   Next: 14%
Magic:  18/18      EV: 13    Int: 18    God:    Vehumet [*.....]
Gold:   467        SH:  0    Dex: 13    Spells: 6/19 levels left

rFire    x . .     SeeInvis .   o - staff of cold
rCold    + + .     Faith    .   (no shield)
rNeg     + + +     Spirit   .   a - +0 robe
rPois    ∞         Reflect  .   f - +1 helmet
rElec    +         Harm     .   h - +0 cloak
rCorr    +         Rampage  .   (no gloves)
Will     ++...                  k - +2 pair of boots "Vihas" {rElec Will+ rCorr}
Stlth    ++........             (no amulet)
HPRegen  0.20/turn              (no ring)
MPRegen  0.16/turn              (no ring)

@: no status effects
A: cold resistance 1, negative energy resistance 3, torment resistance 2,
unbreathing 1, heat vulnerability 1, no potions
a: Renounce Religion


You were on level 8 of the Dungeon.
You worshipped Vehumet.
Vehumet was aware of your devotion.
You visited 2 branches of the dungeon, and saw 10 of its levels.

You collected 467 gold pieces.

Inventory:

Hand Weapons
 d - a +0 trident of flaming
 t - a +5 spear
Armour
 a - a +0 robe (worn)
 f - a +1 helmet (worn)
 g - a +0 kite shield
 h - a +0 cloak (worn)
 k - the +2 pair of boots "Vihas" (worn) {rElec Will+ rCorr}
   (You acquired it on level 5 of the Dungeon)

   It insulates you from electricity.
   It protects you from acid and corrosion.
   It increases your willpower.
Magical Staves
 o - a staff of cold (weapon)
Jewellery
 i - an amulet of faith
Wands
 m - a wand of flame (4)
Scrolls
 b - 3 scrolls of enchant armour
 c - a scroll of vulnerability {unknown}
 e - a scroll of magic mapping {unknown}
 j - 2 scrolls of immolation
 l - 3 scrolls of identify
 n - a scroll of holy word
 q - a scroll of amnesia {unknown}
 r - 2 scrolls of silence
 s - 2 scrolls of enchant weapon


   Skills:
 - Level 5.0 Dodging
 - Level 1.5 Stealth
 + Level 4.1 Shields
 - Level 5.3 Spellcasting
 + Level 5.3 Conjurations
 + Level 5.8 Hexes
 + Level 7.2 Ice Magic


You had 6 spell levels left.
You knew the following spells:

 Your Spells              Type           Power      Damage    Failure   Level
a - Freeze                Ice            100%       1d11      1%          1
b - Frozen Ramparts       Ice            92%        1d11      1%          3
c - Ozocubu's Armour      Ice            46%        N/A       1%          3
d - Fulminant Prism       Conj/Hex       12%        3d9       13%         4
e - Searing Ray           Conj           48%        3d5       2%          2

Your spell library contained the following spells:

 Spells                   Type           Power      Damage    Failure   Level
 Sandblast                Erth           8%         2d5       13%         1
 Corona                   Hex            28%        N/A       1%          1
 Magic Dart               Conj           96%        1d7       1%          1
 Dazzling Flash           Conj/Hex       50%        N/A       3%          3
 Foxfire                  Conj/Fire      56%        2x1d6     4%          1
 Hailstorm                Conj/Ice       41%        3d10      10%         4
 Inner Flame              Hex/Fire       15%        N/A       12%         3
 Animate Skeleton         Necr           8%         N/A       13%         1
 Apportation              Tloc           8%         N/A       13%         1
 Summon Small Mammal      Summ           16%        N/A       13%         1
 Conjure Flame            Conj/Fire      14%        6-21      13%         3
 Metabolic Englaciation   Hex/Ice        21%        N/A       24%         5
 Iskenderun's Mystic Bla  Conj/Tloc      14%        2d5       38%         4
 Sticky Flame             Conj/Fire      14%        2d4       38%         4
 Fireball                 Conj/Fire      7%         3d5       75%         5


Dungeon Overview and Level Annotations

Branches:
Dungeon (9/15)             Temple (1/1) D:6
   Lair: D:8-11         Orc: D:9-12

Altars:
Ashenzari
Cheibriados
Dithmenos
Elyvilon
Hepliaklqana
Kikubaaqudgha
Makhleb
Nemelex Xobeh
Okawaru
Qazlal
Ru
Sif Muna
Trog
Uskayaw
Vehumet
Wu Jian
Xom
Yredelemnul

Shops:
D:1 [:   D:5 =

Annotations:
D:5 2 transporters, Megustar's ghost, amateur DEFE


Innate Abilities, Weirdness & Mutations

You are immune to poison.
Your flesh is cold resistant. (rC+)
You are immune to negative energy. (rN+++)
You are immune to unholy pain and torment.
You can survive without breathing.
You are vulnerable to heat. (rF-)
You do not drink.


Message History

HP restored.
You start resting.
Magic restored.
There is a stone staircase leading down here.
There is a stone staircase leading down here.
A necrophage comes into view.
A necrophage is nearby!
A steam dragon comes into view.
The steam dragon hisses angrily.
The steam dragon breathes steam at you. The ball of steam hits you!!
The steam scalds you terribly!
Ouch! That really hurt!
You are engulfed in a cloud of scalding steam.
You are engulfed in a cloud of scalding steam.
* * * LOW HITPOINT WARNING * * *
Unknown command.
The steam dragon breathes steam at you. The ball of steam hits you!
The steam scalds you terribly!
* * * LOW HITPOINT WARNING * * *
You are engulfed in a cloud of scalding steam.
* * * LOW HITPOINT WARNING * * *
As you read the scroll of fog, it crumbles to dust.
The scroll dissolves into smoke.
There is a stone staircase leading down here.
You climb downwards. 6 killer bees, 2 kobolds, 3 orcs and a zombie come into view.
A kobold is wielding a +0 dagger of venom.
A kobold is wielding a +0 club and quivering poisoned darts.
The killer bee buzzes angrily. x4; The kobold shouts!
The orc warrior shouts!
The orc shouts!
Found 44 gold pieces and a scroll of enchant armour.
Found a stone staircase leading down.
There is a stone staircase leading up here.
The killer bee closely misses you. x2; The orc warrior completely misses you.
You climb upwards.
There is a stone staircase leading down here.
Okay, then.
The killer bee closely misses you. The orc warrior barely misses you.
The killer bee stings you but does no damage.
The orc warrior hits you with a +0 dire flail!
You die...

# ###...#........<.# #... #
#...#...........## #..#
###.####...........# ##†## #...#
##..........# ##..>. #...#
#..........# ######..#..
#...#####..........####.......#..
#..................#....#####.#..
#...######........##.#### ##.#..
#...# ##.....@###.# ##..#.. #...#
###...yo##.# #..##.. #...#
###..Dn..# #.###.. ...##
###....######§##### ##..#
####.....§§§§.... ###.##
#....####n##### #..###
##.##...§§§# #.
##...###########..#####§§#####§
##..............## ##§§.§§§..


You could see a steam dragon, an orc warrior, a necrophage and a killer bee.

Vanquished Creatures
  A two-headed ogre (D:8)
  A wraith (D:6)
  5 yaks
  3 water moccasins
  An orc warrior (D:7)
  An ice beast (D:6)
  3 sky beasts
  3 centaurs
  An ogre (D:7)
  A phantom (D:7)
  3 bullfrogs
  2 scorpions
  11 wights
  3 howler monkeys
  2 hounds
  An iron imp (D:4)
  3 jellies
  A centaur skeleton (D:5)
  3 orc priests
  A gnoll shaman (D:6)
  A bullfrog skeleton (D:6)
  2 iguanas
  Natasha (twice) (D:4)
  8 orc wizards
  2 hound skeletons (D:4)
  6 gnolls
  3 adders
  A shadow imp (D:5)
  A white imp (D:6)
  4 worms
  2 dart slugs
  11 orcs
  5 ball pythons
  5 bats
  16 endoplasms
  8 goblins
  4 hobgoblins
  2 jackals (D:3)
  9 kobolds
  2 quokkas (D:1)
  3 frilled lizards
  5 rats (D:1)
152 creatures vanquished.

Vanquished Creatures (others)
  4 fulminant prisms
  A plant (D:2)
5 creatures vanquished.

Grand Total: 157 creatures vanquished

Notes
Turn   | Place    | Note
-------+----------+-------------------------------------------
     0 | D:1      | Mesmaeker13 the Mummy Ice Elementalist began the quest for
                  | the Orb.
     0 | D:1      | Reached XP level 1. HP: 13/13 MP: 4/4
   275 | D:1      | Reached XP level 2. HP: 19/19 MP: 4/6
   510 | D:1      | Found Titaukh's Book Shop.
   887 | D:1      | Found Itinerom's Antique Armour Boutique.
  1165 | D:1      | Reached XP level 3. HP: 24/24 MP: 7/7
  1259 | D:1      | Found a faded altar of an unknown god.
  1460 | D:2      | Learned a level 3 spell: Frozen Ramparts
  2795 | D:2      | Found a broken altar of Ashenzari.
  3078 | D:2      | Learned a level 3 spell: Ozocubu's Armour
  3396 | D:3      | Reached XP level 4. HP: 22/30 MP: 5/9
  4402 | D:4      | Reached skill level 4 in Ice Magic
  4402 | D:4      | Reached XP level 5. HP: 23/35 MP: 5/11
  4638 | D:4      | Noticed Natasha
  4645 | D:4      | Killed Natasha
  4899 | D:4      | Reached XP level 6. HP: 29/41 MP: 7/13
  5194 | D:4      | Found a snail-covered altar of Cheibriados.
  5211 | D:4      | Reached skill level 5 in Spellcasting
  5365 | D:4      | Found a basalt altar of Yredelemnul.
  5530 | D:4      | Noticed Natasha
  5537 | D:4      | Killed Natasha
  5591 | D:4      | Noticed an orc warrior
  5736 | D:4      | Learned a level 4 spell: Fulminant Prism
  5758 | D:5      | Entered Level 5 of the Dungeon
  6188 | D:5      | Found a transporter.
  6190 | D:5      | Found a transporter.
  6191 | D:5      | Noticed Megustar's ghost (amateur DEFE)
  6219 | D:5      | Found Bines's Jewellery Shop.
  6241 | D:5      | Noticed a water moccasin
  6247 | D:5      | Killed a water moccasin
  6248 | D:5      | Reached skill level 1 in Hexes
  6248 | D:5      | Reached XP level 7. HP: 46/46 MP: 9/15
  6343 | D:5      | Reached skill level 1 in Conjurations
  6946 | D:5      | Identified a scroll of acquirement
  6947 | D:5      | Acquired the +2 pair of boots "Vihas" {rElec Will+ rCorr}
  7012 | D:6      | Found a hide-covered altar of Uskayaw.
  7182 | D:6      | Reached skill level 5 in Ice Magic
  7286 | D:6      | Noticed a wraith
  7317 | D:6      | Killed a wraith
  7637 | D:6      | Learned a level 2 spell: Searing Ray
  7652 | D:6      | Reached XP level 8. HP: 52/52 MP: 4/16
  8154 | D:6      | Found a broken altar of Ashenzari.
  8210 | D:6      | Found a staircase to the Ecumenical Temple.
  8225 | Temple   | Entered the Ecumenical Temple
  8570 | Temple   | Became a worshipper of Vehumet
  8765 | D:6      | Reached skill level 5 in Dodging
  9644 | D:7      | Reached skill level 1 in Shields
  9923 | D:8      | Reached skill level 6 in Ice Magic
 10077 | D:8      | Reached XP level 9. HP: 55/57 MP: 11/17
 10083 | D:8      | Noticed a two-headed ogre
 10334 | D:7      | You fall into a shaft and drop 1 floor!
 10384 | D:7      | Found a shimmering altar of Xom.
 10960 | D:7      | Reached * piety under Vehumet
 10960 | D:7      | Offered knowledge of Sandblast by Vehumet.
 11175 | D:6      | HP: 2/57 [wraith (11)]
 11670 | D:7      | Reached skill level 5 in Hexes
 12103 | D:7      | Reached skill level 5 in Conjurations
 12103 | D:7      | Reached skill level 7 in Ice Magic
 12284 | D:8      | Found a shadowy altar of Dithmenos.
 12530 | D:8      | Killed a two-headed ogre
 12531 | D:8      | Reached XP level 10. HP: 48/63 MP: 4/18
 12672 | D:8      | HP: 2/63 [something] (4)]
 12692 | D:8      | Mangled by an orc warrior

Illustrated notes

Levels and vault maps discovered:
D:1:      heliophobic_arrival_enchanted_forest, layout_loops_corners,
          serial_shops, shop, nicolae_shop_behind_doors,
          shapermc_ecumenical_altar_mp_highgroup, nrook_mini_vaults,
          minmay_misc_feat_x, minivault_11
D:2:      layout_loops_cross, serial_forest, infiniplex_forest_straight_5,
          infiniplex_forest_lined_corner, infiniplex_forest_clump_curved,
          infiniplex_forest_lined_4_way, infiniplex_forest_clump_medium,
          infiniplex_forest_straight_2, infiniplex_forest_lined_ring,
          infiniplex_forest_clump_small, basic_altar
D:3:      layout_loops_ring
D:4:      layout_loops_ring, yredelemnul_altar_generic,
          grunt_temple_overflow_diamond, slow_altar_1, minmay_cupped,
          uniq_natasha
D:5:      layout_basic, serial_shops, kennysheep_mini_moat, gammafunk_ghost_hive
D:6:      kennysheep_big_flooded_room, layout_basic,
          nicolae_overflow_crystal_walls, ashenzari_altar_1,
          minmay_temple_entry_purple_smoke, serial_rivers,
          chequers_serial_rivers_small_b, chequers_serial_rivers_small_b,
          chequers_serial_rivers_small_3, chequers_serial_rivers_micro_c,
          chequers_serial_rivers_room_b
D:7:      layout_basic, brannock_xom_greatest_gift
D:8:      layout_rooms, grunt_dithmenos_smoke, lemuel_doored_altar
D:9:      layout_loops_ring, erik_lair_island, orc_0_dummy, grunt_ministairs_10,
          grunt_ogre_cave, bh_circular_ruins
Temple:   hc_temple_tempest_star

Skill      XL: |  1  2  3  4  5  6  7  8  9 |
---------------+----------------------------+-----
Spellcasting   | 3 4 5 |  5.3
Dodging        | 2 3 4 5 |  5.0
Ice Magic      | 4 5 6 7 |  7.2
Hexes          | 1 2 4 5 |  5.8
Conjurations   | 2 3 5 |  5.3
Shields        | 1 4 |  4.1
Stealth        | |  1.5

Action                   |  1- 3 |  4- 6 |  7- 9 | 10-12 || total
-------------------------+-------+-------+-------+-------++-------
Melee: Dagger            |    21 |    18 |       |       ||    39
       Staff             |       |    28 |    32 |       ||    60
 Cast: Freeze            |    78 |    51 |    69 |       ||   198
       Frozen Ramparts   |     3 |    16 |    36 |       ||    55
       Ozocubu's Armour  |       |     6 |    14 |       ||    20
       Searing Ray       |       |       |    20 |       ||    20
       Fulminant Prism   |       |       |     4 |       ||     4
Evoke: Wand              |       |       |     2 |       ||     2
  Use: Scroll            |       |     2 |    11 |     1 ||    14
 Stab: Sleeping          |     9 |     2 |     1 |       ||    12
Armor: Robe              |    13 |    49 |    52 |     2 ||   116
Dodge: Dodged            |    31 |    77 |   110 |     5 ||   223

Table legend: (Time is in decaauts)
 A = Elapsed time spent in this place.
 B = Non-inter-level travel time spent in this place.
 C = Inter-level travel time spent in this place.
 D = Time resting spent in this place.
 E = Time spent auto-exploring this place.
 F = Levels seen in this place.
 G = Mean time per level.
                   A        B        C        D        E       F      G
               +--------+--------+--------+--------+--------+-----+--------+
         Total |  12752 |  12308 |    444 |   4524 |   5431 |  10 | 1275.2 |
       Dungeon |  12391 |  11999 |    392 |   4524 |   5127 |   9 | 1376.8 |
        Temple |    360 |    308 |     52 |      0 |    304 |   1 |  360.0 |
               +--------+--------+--------+--------+--------+-----+--------+

Top non-repeatable levels by time:
     D:6: 2692 daAuts
     D:1: 1678 daAuts
     D:7: 1599 daAuts
     D:3: 1494 daAuts
     D:2: 1442 daAuts
     D:5: 1225 daAuts
     D:4: 1148 daAuts
     D:8: 1109 daAuts
  Temple: 360 daAuts
     D:9: 1 daAuts
